 Dungeon Sprint DCSS version 0.14-a0-736-g2a71271 (webtiles) character file.

1068 Deemzul the Unseen (level 7, -3/53 HPs)
             Began as a Vampire Assassin on Nov 8, 2013.
             Was a Believer of Okawaru.
             Slain by a red devil
             ... wielding a +0,+0 trident
             ... summoned by a kobold demonologist
              (7 damage)
             ... in the Dungeon (Sprint I: "Red Sonja").
             The game lasted 00:02:35 (419 turns).

Deemzul the Unseen (Vampire Assassin)                Turns: 419, Time: 00:02:36

HP  -3/53        AC  6     Str 10      XL: 7   Next: 56%
MP   7/7         EV 10     Int 13      God: Okawaru [**....]
Gold 279         SH  0     Dex 20      Spells:  0 memorised,  6 levels left

Res.Fire  : . . .   See Invis. : +   a - +2 dagger
Res.Cold  : . . .   Warding    : .   i - +2 leather armour of the Original Sin {Dex+3}
Life Prot.: + . .   Conserve   : .   (no shield)
Res.Poison: .       Res.Corr.  : .   (no helmet)
Res.Elec. : .       Clarity    : .   d - +0 cloak
Sust.Abil.: . .     Spirit.Shd : .   (no gloves)
Res.Mut.  : .       Prev.Telep.: +   (no boots)
Res.Rott. : .       Flight     : .   (no amulet)
Saprovore : . . .                    (no ring)
                                     (no ring)

@: very slightly contaminated, slightly resistant to hostile enchantments,
extraordinarily stealthy
A: bottle blood, fangs 3, see invisible, unbreathing
a: Bat Form, Bottle Blood, Heroism, Renounce Religion


You were in the Dungeon.
You worshipped Okawaru.
Okawaru was pleased with you.
You were not thirsty.

You visited 1 branch You collected 426 gold pieces.
You spent 147 gold pieces at shops.

Inventory:

Hand weapons
 a - a +2,+2 dagger (weapon)
 b - a +0 blowgun
Missiles
 e - 8 poisoned needles
 f - 2 curare-tipped needles
Armour
 d - a +0 cloak (worn)
 i - the +2 leather armour of the Original Sin (worn) {Dex+3}
   (You bought it in a shop in the Dungeon)

   It affects your dexterity (+3).
Potions
 g - a potion of blood
 h - a potion of curing
 k - 2 potions of magic
 l - a potion of berserk rage


   Skills:
 + Level 6.7 Fighting
 + Level 11.7 Short Blades
 - Level 1.5 Throwing
 - Level 1.1 Dodging
 + Level 16.4 Stealth


You had 6 spell levels left.
You didn't know any spells.

Dungeon Overview and Level Annotations

Branches:
Dungeon (1/1)

Altars:
Ashenzari
Cheibriados
Kikubaaqudgha
Makhleb
Okawaru
Xom
the Shining One

Shops:
D [


Innate Abilities, Weirdness & Mutations

You can bottle blood from corpses.
You have razor-sharp teeth.*
You have supernaturally acute eyesight.
You can survive without breathing.*


Message History

The kobold demonologist closely misses you.
You hit the kobold demonologist but do no damage.
The kobold demonologist is moderately wounded.
You hit the kobold demonologist.
Your bite misses the kobold demonologist.
The kobold demonologist is heavily wounded.
The kobold demonologist hits you but does no damage.
The red devil hits you from afar with a trident!
* * * LOW HITPOINT WARNING * * *
You hit the kobold demonologist.
The kobold demonologist is heavily wounded.
You closely miss the kobold demonologist.
You bite the kobold demonologist, but do no damage.
The kobold demonologist is heavily wounded.
The kobold demonologist barely misses you.
You hit the kobold demonologist.
You bite the kobold demonologist, but do no damage.
The kobold demonologist is severely wounded.
The red devil hits you from afar with a trident!
You die...

####################
'..#.)'..#__#..'@K.#
#.)'..#..'..'..#...#
##'#####'#__####4..+
#..#...#.#### #####
####..##[#
..[##'#..+
∩...'..._#
...##_.#'#
_._###+#(#


You could see a red devil and a kobold demonologist.

Vanquished Creatures
  A giant amoeba (D)
  An elephant slug (D)
  An ogre (D)
  Sigmund (D)
  A jelly (D)
  Ijyb (D)
  A giant eyeball (D)
7 creatures vanquished.

Notes
Turn   | Place    | Note
--------------------------------------------------------------
     0 | D        | Deemzul, the Vampire Assassin, began the quest for the Orb.
     0 | D        | Reached XP level 1. HP: 15/15 MP: 1/1
     2 | D        | Noticed Ijyb
    20 | D        | Killed Ijyb
    20 | D        | Reached skill level 8 in Stealth
    20 | D        | Reached XP level 2. HP: 16/21 MP: 2/2
    24 | D        | Noticed an ogre
    26 | D        | Killed an ogre
    26 | D        | Reached skill level 11 in Stealth
    26 | D        | Reached XP level 3. HP: 19/26 MP: 3/3
    26 | D        | Reached XP level 4. HP: 23/32 MP: 4/4
   105 | D        | Noticed Sigmund
   108 | D        | Killed Sigmund
   108 | D        | Reached skill level 12 in Stealth
   108 | D        | Reached XP level 5. HP: 36/38 MP: 5/5
   121 | D        | Found a burning altar of Makhleb.
   122 | D        | Noticed a jelly
   123 | D        | Found an ancient bone altar of Kikubaaqudgha.
   128 | D        | Killed a jelly
   128 | D        | Reached skill level 13 in Stealth
   131 | D        | Found an ancient bone altar of Kikubaaqudgha.
   131 | D        | Found a shattered altar of Ashenzari.
   131 | D        | Found Qabaasch's Antique Armour Emporium.
   131 | D        | Found a burning altar of Makhleb.
   131 | D        | Found an ancient bone altar of Kikubaaqudgha.
   131 | D        | Noticed an elephant slug
   144 | D        | Found an iron altar of Okawaru.
   147 | D        | Became a worshipper of Warmaster Okawaru
   273 | D        | Killed an elephant slug
   273 | D        | Reached skill level 10 in Short Blades
   273 | D        | Reached skill level 14 in Stealth
   273 | D        | Reached XP level 6. HP: 44/46 MP: 6/6
   275 | D        | Acquired Okawaru's first power
   287 | D        | Bought an ichor-stained leather armour for 147 gold pieces
   295 | D        | Identified the +2 leather armour of the Original Sin {Dex+3} (You bought it in a shop in the Dungeon)
   325 | D        | Found a shattered altar of Ashenzari.
   325 | D        | Found a shimmering altar of Xom.
   325 | D        | Noticed a giant amoeba
   326 | D        | Found a snail-covered altar of Cheibriados.
   326 | D        | Found a glowing golden altar of the Shining One.
   328 | D        | Killed a giant amoeba
   328 | D        | Reached skill level 16 in Stealth
   328 | D        | Reached XP level 7. HP: 50/53 MP: 7/7
   343 | D        | Noticed a kobold demonologist
   344 | D        | Noticed a kobold demonologist
   347 | D        | Noticed an orange demon
   347 | D        | Paralysed by a giant eyeball for 2 turns
   359 | D        | Noticed a chaos spawn
   360 | D        | Noticed a smoke demon
   407 | D        | Noticed a red devil
   419 | D        | Slain by a red devil

Action                   |  1- 3 |  4- 6 |  7- 9 || total
-------------------------+-------+-------+-------++-------
Melee: Dagger            |    18 |    62 |    29 ||   109
Invok: Heroism           |       |       |     1 ||     1
  Use: Potion            |     1 |       |     1 ||     2
       Scroll            |       |       |     1 ||     1
 Stab: Sleeping          |     1 |     3 |       ||     4
